 Dungeon Crawl Stone Soup version 0.19-a0-1740-g0bcaf2e (webtiles) character file.

284 Amnesiac the Digger (level 6, -4/41 HPs)
             Began as a Mummy Earth Elementalist on Oct 2, 2016.
             Slain by a gnoll (7 damage)
             ... on level 5 of the Dungeon.
             The game lasted 00:05:52 (2465 turns).

Amnesiac the Digger (Mummy Earth Elementalist)      Turns: 2465, Time: 00:05:54

Health: -4/41      AC:  3    Str: 12    XL:     6   Next: 7%
Magic:  9/9        EV: 12    Int: 14    God:
Gold:   40         SH:  0    Dex: 14    Spells: 3 memorised, 2 levels left

rFire  x . .     SeeInvis .     h - +6 long sword of Begaorea {venom, rPois rN+}
rCold  + . .     Gourm    .     c - +0 robe
rNeg   + + +     Faith    .     (no shield)
rPois  ∞         Spirit   .     (no helmet)
rElec  .         Dismiss  .     g - +0 cloak
rCorr  .         Reflect  .     (no gloves)
MR     .....     Harm     .     (no boots)
Stlth  ++........               (no amulet)
                                (no ring)
                                (no ring)

@: no status effects
A: no food or potions, fire vulnerability, cold resistance 1, negative energy
resistance 3, torment resistance, unbreathing
a: no special abilities


You were on level 5 of the Dungeon.
You were not hungry.

You visited 2 branches of the dungeon, and saw 6 of its levels.

You collected 40 gold pieces.

Inventory:

Hand Weapons
 f - a +0 dagger
 h - the +6 long sword of Begaorea (weapon) {venom, rPois rN+}
   (You found it on level 5 of the Dungeon)

   It poisons the flesh of those it strikes.
   It protects you from poison.
   It protects you from negative energy.
Armour
 c - a +0 robe (worn)
 e - a +0 buckler
 g - a +0 cloak (worn)
Books
 d - a book of Geomancy

   Spells                             Type                      Level
   a - Sandblast                      Earth                        1
   b - Passwall                       Transmutation/Earth          2
   c - Stone Arrow                    Conjuration/Earth            3
   d - Petrify                        Transmutation/Earth          4
   e - Lee's Rapid Deconstruction     Earth                        5


   Skills:
 - Level 1.5 Dodging
 - Level 1.5 Stealth
 - Level 2.0 Spellcasting
 - Level 0.7 Transmutations
 + Level 5.7 Earth Magic


You had 2 spell levels left.
You knew the following spells:

 Your Spells              Type           Power        Failure   Level  Hunger
e - Petrify               Tmut/Erth      ##......     71%         4    N/A
f - Sandblast             Erth           ###...       2%          1    N/A
v - Passwall              Tmut/Erth      ##........   12%         2    N/A

Dungeon Overview and Level Annotations

Branches:
Dungeon (5/15)             Temple (1/1) D:5

Altars:
Cheibriados
Dithmenos
Fedhas
Kikubaaqudgha
Qazlal
Ru
Sif Muna
Trog
Uskayaw
Vehumet
Xom
Yredelemnul
Zin
The Shining One

Shops:
D:4 [

Annotations:
D:4 exclusion: ogre
D:5 Dowan, Duvessa


Innate Abilities, Weirdness & Mutations

You do not eat or drink.
Your flesh is vulnerable to fire.
You are immune to poison.
Your flesh is cold resistant. (rC+)
You are immune to negative energy. (rN+++)
You are immune to unholy pain and torment.
You can survive without breathing.


Message History

Unknown command.
You closely miss the quokka. The gnoll hits you but does no damage.
The quokka misses you. The gnoll hits you with a halberd!
* * * LOW HITPOINT WARNING * * *
The gnoll sergeant hits you with a trident.
* * * LOW HITPOINT WARNING * * *
Duvessa barely misses you.
The jackal skeleton bites you but does no damage.
The gnoll barely misses you. The gnoll hits you with a club.
* * * LOW HITPOINT WARNING * * *
Dowan casts a spell.
Dowan blinks!
The gnoll hits you but does no damage.
The quokka bites you but does no damage.
You slash the quokka!
You kill the quokka!
The jackal skeleton misses you.
You riposte.
You slash the jackal skeleton!
You destroy the jackal skeleton!
The gnoll sergeant barely misses you. Duvessa barely misses you.
The gnoll closely misses you. The gnoll hits you!
You die...

### .#. ##....#.#..
#.##.#. #>......gg. #..#
.. ##..##.#.### #..# #.##
##.ggg....# # #..# #..#
#....g...## # #..# #...
#........# #
#.<####.##+#+#........# #
#.#......gg.......#..... #
#.#.###O.@g.......#.###.##
..#.# #.egg....#..#.# .#
.###.# ####§?......# . #.
%. #.!...#.... .. # h.
#.....##.#.# #. .. #.....#
.#.. #. #.....e. # #.
#.##.#. . .


You could see Duvessa, an ogre, a gnoll sergeant, Dowan and 4 gnolls.

Vanquished Creatures
  An orc priest (D:4)
  2 orc wizards (D:4)
  3 worker ants
  A hound skeleton (D:4)
  7 gnolls
  2 adders (D:4)
  A dart slug (D:2)
  2 leopard geckos
  An orc (D:4)
  3 giant cockroaches
  3 kobolds (D:1)
  3 quokkas
  3 frilled lizards
  A jackal skeleton (D:5)
  A rat (D:1)
34 creatures vanquished.

Notes
Turn   | Place    | Note
-------+----------+-------------------------------------------
     0 | D:1      | Amnesiac the Mummy Earth Elementalist began the quest for the Orb.
     0 | D:1      | Reached XP level 1. HP: 13/13 MP: 3/3
   211 | D:1      | Reached XP level 2. HP: 18/19 MP: 0/5
   233 | D:1      | Learned a level 2 spell: Passwall
   306 | D:2      | Reached skill level 3 in Earth Magic
   681 | D:2      | Reached XP level 3. HP: 15/24 MP: 0/6
   973 | D:4      | Reached skill level 4 in Earth Magic
   986 | D:4      | Reached XP level 4. HP: 25/30 MP: 0/7
  1212 | D:4      | Reached XP level 5. HP: 35/35 MP: 0/8
  1353 | D:4      | Reached skill level 5 in Earth Magic
  1418 | D:4      | Learned a level 4 spell: Petrify
  1990 | D:4      | Noticed an ogre
  2080 | D:4      | Noticed a slave
  2083 | D:4      | Noticed a slave
  2086 | D:4      | Found Weud's Armour Shop.
  2141 | D:5      | Entered Level 5 of the Dungeon
  2141 | D:5      | Found a staircase to the Ecumenical Temple.
  2181 | D:5      | Got an encrusted long sword
  2183 | D:5      | Identified the +6 long sword of Begaorea {venom, rPois rN+} (You found it on level 5 of the Dungeon)
  2192 | D:5      | Noticed an ogre
  2228 | D:5      | Noticed Duvessa
  2231 | D:5      | Noticed Dowan
  2237 | Temple   | Entered the Ecumenical Temple
  2244 | Temple   | Reached XP level 6. HP: 13/41 MP: 9/9
  2465 | D:5      | Slain by a gnoll

Vault maps used:
D:1:      tarquinn_simple_flora_water_c
D:3:      ashenzari_conservatory_becter
D:4:      first_bread, serial_shops, nicolae_shop_competitors_out_of_business,
          serial_corexii_hall, corexii_hall_statues_l, corexii_hall_statues_x,
          uniq_pikel
D:5:      old_forge, uniq_crazy_yiuf_cottage, uniq_duvessa
Temple:   nicolae_temple_great_sept

Skill      XL: |  1  2  3  4  5 |
---------------+----------------+-----
Earth Magic    | 3 4 5 |  5.7
Dodging        | |  1.5
Stealth        | |  1.5
Spellcasting   | |  2.0
Transmutations | |  0.7

Action                   |  1- 3 |  4- 6 || total
-------------------------+-------+-------++-------
Melee: Unarmed           |    10 |       ||    10
       Dagger            |     6 |     4 ||    10
       Long sword        |       |     5 ||     5
 Cast: Sandblast         |    39 |    55 ||    94
       Passwall          |       |     2 ||     2
  Use: Scroll            |     4 |     2 ||     6
Armor: Robe              |     4 |    15 ||    19
Dodge: Dodged            |    33 |    41 ||    74
